AoeStats
← NPG | Shimishi Maki

Nomad

505117568Analyzed
4v4 RM · 24d ago on Sep 7, 2026· 26m 45s· 8 players
Game mode
Random Map
Map size
231×231
Population
200
Speed
Normal
Resources
Standard
Victory
Conquest
Starting age
Dark Age
Ending age
Imperial Age
RankedLock teamsTeams togetherTeam positionsShared explorationLock speedFull tech treeHidden civsTurbo modeCheats
Victory
Defeat
🇨🇱 Goths · Chile
1725
+10
🇨🇱 Tupi · Chile
1710
+10
🇨🇱 Aztecs · Chile
1519
+18
🇦🇷 Koreans · Argentina
1404
+22
🇧🇴 Inca · Bolivia
1739
-22
🇦🇷 Cumans · Argentina
1545
-14
🇮🇹 Spanish · Italy
1502
-12
🇲🇽 Italians · Mexico
1494
-12
Guts
5:43 Loom
12:46 Feudal Age
18:03 Castle Age
16:34 Double-Bit Axe
17:16 Stone Mining
19:32 Horse Collar
23:21 Padded Archer Armor
Ux'VIC
3:59 Loom
15:15 Feudal Age
16:37 Fishing Lines
19:24 Castle Age
17:17 Double-Bit Axe
18:04 Fletching
18:15 Padded Archer Armor
19:00 Wheelbarrow
20:20 Medium Warships
21:12 Bow Saw
21:37 Gillnets
到
5:02 Loom
11:33 Feudal Age
13:29 Double-Bit Axe
21:21 Castle Age
20:26 Town Watch
21:23 Fletching
22:15 Medium Warships
21:47 Fishing Lines
23:26 Bodkin Arrow
VL Loba Peruana
11:58 Loom
14:50 Feudal Age
18:27 Town Watch
23:13 Castle Age
NPG | DR@CA
4:44 Loom
12:53 Feudal Age
14:23 Town Watch
22:28 Fletching
26:52 Castle Age
25:30 Stone Mining
25:33 Horse Collar
26:27 Fishing Lines
Dkastro
4:33 Loom
14:33 Feudal Age
15:48 Double-Bit Axe
16:45 Horse Collar
17:04 Gold Mining
19:51 Castle Age
20:57 Bow Saw
20:51 Scale Mail Armor
23:06 Squires
25:31 Wheelbarrow
25:04 Town Watch
25:06 Horse Collar
27:03 Wheelbarrow
26:59 Heavy Plow
Casitas Voy
3:44 Loom
15:16 Feudal Age
19:50 Castle Age
17:56 Fletching
20:28 Bodkin Arrow
24:11 Double-Bit Axe
NPG | Shimishi Maki
13:49 Feudal Age
15:12 Double-Bit Axe
17:39 Castle Age
15:22 Horse Collar
16:10 Forging
15:52 Fishing Lines
18:34 Medium Warships
19:03 Iron Casting
19:09 Bow Saw
20:08 Gillnets
20:48 Loom
21:39 Wheelbarrow
20:50 Town Watch
22:56 Stone Mining
24:29 Fletching
25:08 Bodkin Arrow
27:05 Gold Mining
27:16 Heavy Plow
Connection lost

Rejoining the realm…

Still unreachable

The connection could not be restored.

Session expired

The server has moved on; the page needs a fresh start.